 Dungeon Crawl Stone Soup version 0.29.1-4-g47bece8355 (webtiles) character file.

Game seed: 16382061831340753883

122 Cheops the Poker (level 4, -1/41 HPs)
             Began as a Minotaur Fighter on Dec 9, 2022.
             Killed from afar by an orc wizard (11 damage)
             ... with a puff of flame
             ... on level 2 of the Dungeon.
             The game lasted 00:01:34 (1319 turns).

Cheops the Poker (Minotaur Fighter)                 Turns: 1319, Time: 00:01:35

Health: -1/41      AC:  6    Str: 23    XL:     4   Next: 78%
Magic:  3/3        EV: 13    Int:  5    God:
Gold:   75         SH:  4    Dex:  9    Spells: 3/3 levels left

rFire   . . .      SeeInvis .   a - +0 trident
rCold   . . .      Faith    .   c - +0 buckler
rNeg    . . .      Spirit   .   b - +0 scale mail
rPois   .          Reflect  .   (helmet restricted)
rElec   .          Harm     .   (no cloak)
rCorr   .          Rampage  .   (no gloves)
Will    .....                   (no boots)
Stlth   ..........              (no amulet)
HPRegen 0.13/turn               g - +4 ring of evasion
MPRegen 0.08/turn               (no ring)

@: no status effects
A: horns 2, retaliatory headbutt
a: no special abilities


You were on level 2 of the Dungeon.
You visited 1 branch of the dungeon, and saw 2 of its levels.

You collected 114 gold pieces.
You spent 39 gold pieces at shops.

Inventory:

Hand Weapons
 a - a +0 trident (weapon)
Missiles
 n - a throwing net (quivered)
Armour
 b - a +0 scale mail (worn)
 c - a +0 buckler (worn)
Jewellery
 g - a +4 ring of evasion (left hand)
 p - a ring of ice
Scrolls
 e - a scroll of brand weapon {unknown}
 i - 2 scrolls of fear {unknown}
 j - 4 scrolls of poison {unknown}
 k - a scroll of vulnerability {unknown}
 m - 3 scrolls of identify {unknown}
Potions
 d - 2 potions of might
 f - a potion of lignification {unknown}
 h - 3 potions of flight {unknown}
 l - 4 potions of curing
 o - 3 potions of magic {unknown}
 q - a potion of heal wounds {unknown}


   Skills:
 + Level 4.8 Fighting
 * Level 5.2 Polearms
 - Level 3.6 Armour
 - Level 3.6 Shields


You had 3 spell levels left.
You didn't know any spells.
Your spell library was empty.

Dungeon Overview and Level Annotations

Branches:
Dungeon (2/15)

Altars:

Shops:
D:2 (*[:


Innate Abilities, Weirdness & Mutations

You have a pair of horns on your head.
You reflexively headbutt those who attack you in melee.


Message History

You feel a bit more experienced.
Deactivating autopickup; reactivate with Ctrl-A.
You miss something. Your headbutt misses something.
You hear some strange, mumbled words.
Something tries to affect you, but you resist.
You closely miss something. Something barely misses you.
You closely miss something. Your headbutt misses something. Something hits you.
You miss something. Your headbutt misses something.
You hear some strange, mumbled words.
A puff of flame appears from out of thin air!
The puff of flame hits you!
You miss something. Your headbutt misses something.
Something hits you but does no damage.
You hit something. Something hits you.
You miss something. Your headbutt misses something.
You hear some strange, mumbled words.
Something tries to affect you, but you resist.
Something hits you but does no damage.
You barely miss something. You headbutt something. Something hits you.
You miss something.
You hear some strange, mumbled words.
You are confused.
You bump into the rock wall.
Something barely misses you.
You bump into the rock wall.
Something hits you but does no damage.
You miss something. Something hits you but does no damage. Something hits you.
A magic dart appears from out of thin air!
The magic dart hits you!
* * * LOW HITPOINT WARNING * * *
There is an entrance to Adie's Book Shoppe here.
You bump into the rock wall.
You bump into the rock wall.
You feel less confused. Something hits you.
* * * LOW HITPOINT WARNING * * *
You miss something. Your headbutt misses something.
You hear some strange, mumbled words.
A puff of flame appears from out of thin air!
The puff of flame hits you!
You die...

.##.# #.# #.#
.##.# #.###.#
.##.#
####..##.#
.##(#
#........#
.##.#
#####.###.####
.##.# #..†..#
#.# .##.#
#.##### #.#
.##.# #.# #.#
.##.# #.# #@#
.##.# #.# #{#
....####.# #o#
......##.# #)#
#####.##.# #.#
.[.>..##.# #.#
####<.##.# ...
...#..##.# .#.
##.......# . .


You could see an orc.

Vanquished Creatures
  Jessica (D:2)
  2 orc wizards (D:2)
  An adder (D:2)
  An orc (D:2)
  5 ball pythons
  5 endoplasms
  2 giant cockroaches
  2 goblins (D:1)
  2 hobgoblins (D:2)
  5 jackals
  5 kobolds
  3 quokkas
  5 bats
  4 rats
43 creatures vanquished.

Notes
Turn   | Place    | Note
-------+----------+-------------------------------------------
     0 | D:1      | Cheops the Minotaur Fighter began the quest for the Orb.
     0 | D:1      | Reached XP level 1. HP: 19/19 MP: 0/0
   346 | D:1      | Reached skill level 3 in Polearms
   351 | D:1      | Reached XP level 2. HP: 23/27 MP: 1/1
   414 | D:1      | Found a faded altar of an unknown god.
   864 | D:2      | Found Widy's General Store.
   874 | D:2      | Bought a potion of curing for 39 gold pieces
   886 | D:2      | Found Ukhaoq's Weapon Shoppe.
   942 | D:2      | Reached XP level 3. HP: 33/33 MP: 2/2
  1008 | D:2      | Reached skill level 4 in Polearms
  1096 | D:2      | Found Adie's Book Shoppe.
  1107 | D:2      | Noticed Jessica
  1109 | D:2      | Found Quacw's Antique Armour Boutique.
  1111 | D:2      | Killed Jessica
  1112 | D:2      | Reached XP level 4. HP: 41/41 MP: 3/3
  1293 | D:2      | Reached skill level 5 in Polearms
  1319 | D:2      | Killed from afar by an orc wizard

Illustrated notes

Levels and vault maps discovered:
D:1:      tarquinn_simple_flora_water_d, layout_loops_ring,
          hellmonk_ecumenical_altar_run_dry
D:2:      layout_loops_ring, serial_shops, nicolae_shop_overgrown_old_shop,
          nicolae_shop_behind_doors, shop, shop,
          minmay_randomly_rotated_circles, uniq_crazy_yiuf_cottage, uniq_jessica

Skill      XL: |  1  2  3  4 |
---------------+-------------+-----
Polearms       | 3 4 5 |  5.2
Fighting       | 4 |  4.8
Armour         | |  3.6
Shields        | |  3.6

Action                   |  1- 3 |  4- 6 || total
-------------------------+-------+-------++-------
Melee: Trident           |    77 |    29 ||   106
       Headbutt          |     8 |     2 ||    10
Armor: Scale mail        |    23 |     9 ||    32
Dodge: Dodged            |    38 |     5 ||    43
Block: Buckler           |     9 |     3 ||    12
